 Dungeon Crawl Stone Soup version 0.31-a0-963-ga325b2283a (webtiles) character file.

Game seed: 7402480376715365874

19 Azuregosa the Sneak (level 2, -2/21 HPs)
             Began as an Octopode Delver on Oct 24, 2023.
             Slain by Robin
             ... wielding a +0 whip
              (5 damage)
             ... on level 4 of the Dungeon.
             The game lasted 00:01:56 (302 turns).

Azuregosa the Sneak (Octopode Delver)                Turns: 302, Time: 00:01:56

Health: -2/21      AC:  1    Str: 11    XL:     2   Next: 75%
Magic:  2/2        EV: 13    Int: 12    God:
Gold:   28         SH:  0    Dex: 13    Spells: 1/1 levels left

rFire   . . .        a - +0 mace
rCold   . . .        (no shield)
rNeg    . . .        (helmet restricted)
rPois   .            (no amulet)
rElec   .            (no ring)
rCorr   .            (no ring)
SInv    .            (no ring)
Will    .....        (no ring)
Stlth   +++++        (no ring)
HPRegen 0.23/turn    (no ring)
MPRegen 0.08/turn    (no ring)
                     (no ring)

%: no passive effects
@: no status effects
A: almost no armour, amphibious, 8 rings, camouflage 1, gelatinous body 1,
(nimble swimmer 1), tentacles
a: no special abilities


You were on level 4 of the Dungeon.
You visited 1 branch of the dungeon, and saw 3 of its levels.

You collected 28 gold pieces.

Inventory:

Hand Weapons
 a - a +0 mace (weapon)
Missiles
 h - 7 stones
Wands
 f - a wand of digging (3)
 j - a wand of mindburst (7)
Scrolls
 b - a scroll of fog
 c - a scroll of enchant weapon {unknown}
 d - a scroll of fear
 g - 2 scrolls of identify {unknown}
Potions
 e - a potion of haste
 i - a potion of ambrosia {unknown}


   Skills:
 - Level 3.0 Fighting
 - Level 2.0 Maces & Flails
 - Level 2.0 Dodging
 + Level 7.6 Stealth


You had one spell level left.
You didn't know any spells.
Your spell library was empty.

Dungeon Overview and Level Annotations

Branches:
Dungeon (6/15)
 Temple: D:4-7

Altars:
Kikubaaqudgha

Annotations:
D:4 Robin


Innate Abilities, Weirdness & Mutations

You cannot wear most types of armour.
You are amphibious.
You can wear up to eight rings at the same time.
Your skin changes colour to match your surroundings (Stealth+).
Your rubbery body absorbs attacks. (AC +1, EV +1)
((You are camouflaged when in or above water. (Stealth+)))
You have tentacles for arms and can constrict up to eight enemies at once.


Message History

The goblin is severely wounded.
You constrict the goblin.
You kill the goblin!
You closely miss the goblin. You grab the goblin. You constrict the goblin.
The goblin misses you.
You hit the goblin.
You kill the goblin!
You start resting.
A goblin is nearby!
A goblin breaks down the door.
You barely miss the goblin. You grab the goblin. You constrict the goblin.
The goblin closely misses you.
You hit the goblin.
You kill the goblin!
You hit the orc but do no damage. You grab the orc.
You hear the hiss of an avalanche of sand nearby.
You constrict the orc, but do no damage.
The orc hits you with a +0 dagger.
You hit the orc.
The orc is heavily wounded.
You constrict the orc.
Robin of the Strong Arm comes into view.
They are wielding a +0 whip.
The orc hits you with a +0 dagger.
* * * LOW HITPOINT WARNING * * *
The orc hits you with a +0 dagger.
* * * LOW HITPOINT WARNING * * *
Robin shouts!
You hit the orc but do no damage.
The orc is heavily wounded.
You constrict the orc.
You hear a shout! x3
The orc hits you with a +0 dagger.
* * * LOW HITPOINT WARNING * * *
You hear a shout!
You release your grip on the orc.
You hit Robin but do no damage. You grab Robin. You squeeze Robin!
Robin is heavily wounded.
You constrict Robin. Robin hits you with a +0 whip.
You die...
Robin calls out, "Let's celebrate!
Time for a feast!"

#..# #......# #.#.###
######..###.....######.#.#
#...##).#............#.#.#
######...##..#.'########'...#.###
...............#........#.......#
##.###...##..#.#.+####'.#.#.#.#.#
.#..#######..#.#.#.)..#.#.#.#.#.#
......## #....#.#.##)#.#.#.#.#.#
♣.♣♣...####..#.#@#.##.#.#.#.#....
♣.♣..♣.........#g#....#.#.#.#.#.#
....♣♣..#####..#o)####).#.#.###.#
._......# ##.#......).#.#.....#
....♣♣..# #.)########'.#####.#
♣.♣..♣..######.).o........# ###.#
♣.♣♣.....†............#.#.###...#
.......##....#######..#...##..###
.......##...o....g.#..###.#..##


You could see Robin and an orc.

Vanquished Creatures
  A dart slug (D:4)
  4 orcs (D:4)
  An endoplasm (D:4)
  4 goblins (D:4)
  A hobgoblin (D:4)
11 creatures vanquished.

Notes
Turn   | Place    | Note
-------+----------+-------------------------------------------
     0 | D:5      | Azuregosa the Octopode Delver began the quest for the Orb.
     0 | D:5      | Reached XP level 1. HP: 16/16 MP: 1/1
    47 | D:5      | Noticed a jelly
   179 | D:4      | Noticed a hound
   201 | D:4      | Reached skill level 7 in Stealth
   203 | D:4      | Reached XP level 2. HP: 21/21 MP: 2/2
   204 | D:4      | Found an ancient bone altar of Kikubaaqudgha.
   299 | D:4      | Noticed Robin
   302 | D:4      | Slain by Robin

Illustrated notes

Levels and vault maps discovered:
D:4:      layout_basic, mainiacjoe_overflow_small_starburst,
          mainiacjoe_ossuary_entry_dusty_tomb, hangedman_decor_clover_reticule,
          moated_statue, minmay_misc_feat_tiny, minivault_11, minmay_crossroads,
          uniq_robin, uniq_menkaure
D:5:      layout_basic, mainiacjoe_overflow_alcove_2
D:6:      layout_gridville, nicolae_overflow_crystal_walls,
          kennysheep_little_box, mainiacjoe_overflow_cross_hatched,
          mainiacjoe_overflow_chevrons, elyvilon_altar_5, gammafunk_ghost_smash,
          kennysheep_generic_room_10, uniq_blork_the_orc

Skill      XL: |  1 |
---------------+----+-----
Stealth        | 7 |  7.6
Fighting       | |  3.0
Maces & Flails | |  2.0
Dodging        | |  2.0

Action                     || total
---------------------------++-------
  Melee: Mace              ||    26
         Constrict         ||    11
         Tentacles         ||     6
  Evoke: Wand              ||     2
    Use: Scroll            ||     1
   Stab: Sleeping          ||     3
 Armour: Skin              ||    11
  Dodge: Dodged            ||     9

Table legend: (Time is in decaauts)
 A = Elapsed time spent in this place.
 B = Non-inter-level travel time spent in this place.
 C = Inter-level travel time spent in this place.
 D = Time resting spent in this place.
 E = Time spent auto-exploring this place.
 F = Levels seen in this place.
 G = Mean time per level.
                   A        B        C        D        E       F      G
               +--------+--------+--------+--------+--------+-----+--------+
         Total |    309 |    309 |      0 |     22 |    124 |   3 |  103.0 |
       Dungeon |    309 |    309 |      0 |     22 |    124 |   3 |  103.0 |
               +--------+--------+--------+--------+--------+-----+--------+

Top non-repeatable levels by time:
     D:4: 256 daAuts
     D:5: 51 daAuts
     D:6: 1 daAuts
